 Dungeon Crawl Stone Soup version 0.24.0-1-gfbc8707 (webtiles) character file.

Game seed: 16133516950289665134, levelgen mode: deterministic

113057 TheDoctor the Peltast (level 17, -3/167 HPs)
             Began as a Formicid Fighter on Nov 1, 2019.
             Was a High Priest of Qazlal.
             Slain by a snapping turtle (17 damage)
             ... on level 2 of the Shoals.
             The game lasted 01:16:56 (32564 turns).

TheDoctor the Peltast (Formicid Fighter)           Turns: 32564, Time: 01:16:56

Health: -3/167     AC: 29    Str: 27    XL:     17   Next: 17%
Magic:  11/24      EV: 11    Int: 13    God:    Qazlal [*****.]
Gold:   1212       SH: 21    Dex: 14    Spells: 20/26 levels left

rFire    . . .     SeeInvis +   P - +8 lajatang (speed)
rCold    . . .     Gourm    +   c - +0 shield
rNeg     + . .     Faith    .   (armour currently unavailable)
rPois    ∞         Spirit   .   (helmet unavailable)
rElec    +         Reflect  .   a - +0 cloak
rCorr    .         Harm     .   (gloves currently unavailable)
MR       +....                  (boots currently unavailable)
Stlth    +.........             s - amulet of the gourmand
HPRegen  0.37/turn              t - +3 ring of dexterity
MPRegen  0.19/turn              B - ring of wizardry

@: brilliant, statue-form, barbed spikes, protected from physical damage,
mesmerised, repel missiles, very slow
A: permanent stasis, dig shafts and tunnels, four strong arms, antennae 3
a: Dig, Shaft Self, End Transformation, Upheaval, Elemental Force, Disaster
Area, Renounce Religion


You were on level 2 of the Shoals.
You worshipped Qazlal.
Qazlal was extremely pleased with you.
You were very full.
You were a stone statue.
You visited 5 branches of the dungeon, and saw 26 of its levels.
You also visited: Ice Cave.

You collected 2369 gold pieces.
You spent 1157 gold pieces at shops.

Inventory:

Hand Weapons
 O - a +2 glaive of flaming
 P - a +8 lajatang of speed (weapon)
Missiles
 M - 5 throwing nets (quivered)
Armour
 a - a +0 cloak (worn)
 c - a +0 shield (worn)
 E - a +0 pair of boots (melded)
 H - a +1 chain mail of poison resistance (melded)
 K - a +0 pair of gloves (melded)
Jewellery
 s - an amulet of the gourmand (around neck)
 t - a +3 ring of dexterity (left hand)
 B - a ring of wizardry (right hand)
 S - an uncursed ring of ice
Wands
 b - a wand of scattershot (9)
 q - a wand of enslavement (8)
 r - a wand of iceblast (11)
 A - a wand of digging (8)
 L - a wand of paralysis (18)
 X - a wand of acid (8)
Scrolls
 g - 11 scrolls of remove curse
 n - 6 scrolls of magic mapping
 o - a scroll of silence {unknown}
 x - 2 scrolls of identify
 y - 2 scrolls of fog
 D - a scroll of summoning {unknown}
 I - 4 scrolls of fear
 R - 2 scrolls of vulnerability {unknown}
 W - a scroll of brand weapon {unknown}
Potions
 d - 2 potions of might
 h - 3 potions of flight
 i - a potion of brilliance
 j - 9 potions of curing
 p - 2 potions of agility
 u - a potion of resistance
 z - a potion of invisibility {unknown}
 N - 2 potions of lignification
Comestibles
 f - 36 rations


   Skills:
 - Level 10.7 Fighting
 + Level 14.8 Staves
 + Level 13.3 Armour
 - Level 16.0 Shields
 + Level 5.0 Spellcasting
 - Level 10.0 Transmutations
 - Level 10.8 Earth Magic
 - Level 8.1 Invocations


You had 20 spell levels left.
You knew the following spells:

 Your Spells              Type           Power        Failure   Level  Hunger
a - Statue Form           Tmut/Erth      #####....    4%          6    #######

Your spell library contained the following spells:

 Spells                   Type           Power        Failure   Level  Hunger
 Corona                   Hex            ##.....      2%          1    None
 Flame Tongue             Conj/Fire      ##...        2%          1    None
 Ensorcelled Hibernation  Hex/Ice        ##....       3%          2    ##.....
 Throw Flame              Conj/Fire      ##....       3%          2    ##.....
 Hydra Form               Tmut           #####.....   5%          6    #######
 Confuse                  Hex            ##......     7%          3    ###....
 Conjure Flame            Conj/Fire      ##......     7%          3    ###....
 Dazzling Spray           Conj/Hex       ##....       7%          3    ###....
 Gell's Gravitas          Tloc           ##........   7%          3    ###....
 Inner Flame              Hex/Fire       ##......     7%          3    ###....
 Portal Projectile        Hex/Tloc       ##....       7%          3    ###....
 Tukima's Dance           Hex            ##......     7%          3    ###....
 Borgnjor's Vile Clutch   Necr/Erth      ####......   7%          5    ######.
 Irradiate                Conj/Tmut      ###.......   8%          5    ######.
 Force Lance              Conj/Tloc      ##......     19%         4    ####...
 Sticky Flame             Conj/Fire      ##......     19%         4    ####...
 Dragon Form              Tmut           #####.....   26%         7    #######
 Fireball                 Conj/Fire      ##........   43%         5    ######.
 Silence                  Hex/Air        ##........   43%         5    ######.
 Darkness                 Hex            ##........   89%         6    #######
 Dispersal                Tloc           ##........   89%         6    #######
 Shadow Creatures         Summ           N/A          89%         6    #######
 Disjunction              Tloc           ##........   100%        8    #######
 Controlled Blink         Tloc           Unusable     N/A         8    N/A

Dungeon Overview and Level Annotations

Branches:
Dungeon (15/15)            Temple (0/1) D:5            Lair (6/6) D:9
 Shoals (2/4) Lair:3        Snake (1/4) Lair:2        Slime (0/5) Lair:5
    Orc (2/2) D:9             Elf (0/3) Orc:2        Vaults (0/5) D:13
 Depths (0/5) D:15          IceCv (visited)

Altars:
Ashenzari
Cheibriados
Dithmenos
Nemelex Xobeh
Okawaru
Qazlal
Ru
Sif Muna
Uskayaw
Xom
Zin
The Shining One
Beogh
Jiyva

Shops:
D:8 :   D:11 ?   Orc:2 ?*!!

Annotations:
D:9 exclusion: door
Lair:3 exclusion: ice statue


Innate Abilities, Weirdness & Mutations

You cannot be hasted, slowed, berserked, paralysed or teleported.
You can dig through walls and to a lower floor.
Your four strong arms can wield two-handed weapons with a shield.
You have a pair of large antennae on your head. (SInv)


Message History

The blast of magma engulfs the merfolk avatar!
The merfolk avatar is moderately wounded.
The blast of magma engulfs the merfolk impaler!!
The merfolk impaler is severely wounded.
The faun shouts!
The faun shoots a stone.
You block the stone.
The merfolk impaler is engulfed in a cloud of scalding steam.
You block the merfolk impaler's attack. The snapping turtle closely misses you.
The satyr shoots a sling bullet.
The sling bullet hits you but does no damage.
The manticore bites you but does no damage.
The manticore claws you.
* * * LOW HITPOINT WARNING * * *
The manticore completely misses you.
The merfolk avatar is engulfed in a cloud of scalding steam.
The merfolk avatar chants its luring song.
The merfolk impaler is engulfed in a cloud of scalding steam.
You block the merfolk impaler's attack.
The snapping turtle bites you from afar!
You die...

≈≈≈≈≈≈≈≈≈≈PPPP...
≈≈≈≈≈≈≈≈≈P≈≈≈P≈P.P..P
≈≈≈≈≈P≈≈PP≈≈PP≈.P....
≈≈≈≈≈P≈P≈P≈≈P≈≈..(...
≈≈≈≈≈≈≈§§P≈≈≈≈.)...).
≈≈≈≈≈≈≈≈m§≈≈≈≈.......
≈≈≈≈.§.§§m....$......
[....○..≈..<(>.###...
.≈≈.%##8H°.m.$..m....
≈≈≈≈.##°○....##....≈.
≈≈≈≈..tctc#.## ......
≈≈≈...≈c.##...$≈.....
≈≈≈..≈†.###.≈≈≈.≈≈cc.
≈≈≈≈≈≈≈c...≈.≈≈≈≈≈≈..
≈≈≈≈≈≈..?....≈≈≈≈≈≈..
≈≈≈≈≈≈≈........>≈≈≈
≈≈≈≈≈≈.......t....≈


You could see a merfolk avatar, a merfolk impaler, a satyr, 2 snapping turtles,
a merfolk, 3 fauns and a manticore.

Vanquished Creatures
  A frost giant (IceCv)
  Louise (Shoals:1)
  The ghost of JerBear56 the Covert, a journeyman OpBe of Trog (Shoals:1)
  Nessos (D:12)
  3 merfolk impalers (Shoals:1)
  A fire dragon (Lair:2)
  Fannar (D:10)
  Harold (D:7)
  4 catoblepae
  Erolcha (D:9)
  4 centaur warriors
  A merfolk avatar (Shoals:2)
  7 hydras
  Erica (D:9)
  An alligator snapping turtle (Shoals:1)
  11 two-headed ogres
  8 death yaks
  An ogre mage (D:15)
  A merfolk aquamancer (Shoals:1)
  3 orc high priests (Orc:2)
  6 sea snakes
  2 unseen horrors
  Pikel (D:6)
  3 wizards
  4 harpies (Shoals:1)
  4 orc knights (Orc:2)
  A necromancer (D:13)
  9 manticores
  6 orc sorcerers
  3 ugly things
  5 fauns
  3 cyclopes
  A merfolk siren (Shoals:2)
  Joseph (D:7)
  7 black mambas
  An ice statue (IceCv)
  A water nymph (Shoals:1)
  6 elephants (Lair:5)
  10 spiny frogs
  A gargoyle (D:10)
  6 rime drakes
  2 efreet (D:14)
  12 komodo dragons
  7 trolls
  9 merfolk
  A harpy zombie (D:14)
  21 polar bears
  3 wind drakes
  3 meliai (D:13)
  8 blink frogs
  8 slime creatures
  9 hippogriffs
  A wraith (D:11)
  62 yaks
  A shadow (D:14)
  29 orc warriors
  3 wyverns
  A water elemental (Shoals:1)
  Grum (D:9)
  3 basilisks
  A hungry ghost (D:11)
  A warg (D:9)
  6 vampire mosquitoes (D:14)
  A naga (Lair:2)
  4 porcupines
  21 water moccasins
  2 sky beasts
  2 black bears
  10 ice beasts
  A slave (D:6)
  2 phantoms
  15 ogres
  19 wolves
  3 boggarts (D:13)
  10 centaurs
  12 crocodiles
  2 big kobolds
  12 bullfrogs
  3 wyvern zombies
  3 wyvern skeletons
  5 scorpions
  4 killer bees (D:8)
  9 wights (D:11)
  2 electric eels
  5 howler monkeys
  2 centaur zombies
  13 crimson imps
  4 jellies
  21 orc wizards
  24 orc priests
  4 hounds
  2 bullfrog skeletons (D:9)
  9 iguanas
  4 centaur skeletons
  11 worker ants
  A killer bee zombie (D:8)
  A hound skeleton (D:4)
  A howler monkey zombie (D:9)
  A worker ant zombie (D:5)
  27 adders
  12 gnolls
  3 shadow imps
  15 white imps
  2 adder skeletons
  A worm (D:3)
  3 dart slugs (D:1)
  2 leopard geckos
  106 orcs
  4 giant cockroaches
  3 goblins
  5 hobgoblins
  12 jackals
  9 quokkas
  7 bats
  2 frilled lizards
  A giant cockroach zombie (D:6)
  A jackal skeleton (D:4)
  11 kobolds
  A quokka skeleton (D:4)
  3 rats
  A butterfly (Lair:6)
  4 plants
806 creatures vanquished.

Vanquished Creatures (collateral kills)
  A big kobold (D:7)
  A shadow imp (D:7)
  3 orcs
  5 kobolds (D:7)
10 creatures vanquished.

Vanquished Creatures (others)
  A polar bear (IceCv)
  A gnoll sergeant (D:7)
  An orc wizard (Orc:2)
  An orc (Orc:2)
  20 fungi
  4 plants
  4 toadstools (D:15)
32 creatures vanquished.

Grand Total: 848 creatures vanquished

Notes
Turn   | Place    | Note
-------+----------+-------------------------------------------
     0 | D:1      | TheDoctor the Formicid Fighter began the quest for the Orb.
     0 | D:1      | Reached XP level 1. HP: 18/18 MP: 1/1
    91 | D:1      | Reached XP level 2. HP: 24/24 MP: 2/2
   885 | D:2      | Reached XP level 3. HP: 29/29 MP: 3/3
   894 | D:2      | Found a faded altar of an unknown god.
   894 | D:2      | Found a hide-covered altar of Uskayaw.
   899 | D:2      | Found a sparkling altar of Nemelex Xobeh.
   901 | D:2      | Found a faded altar of an unknown god.
   903 | D:2      | Found a shadowy altar of Dithmenos.
   936 | D:2      | Became a worshipper of Qazlal Stormbringer
   936 | D:2      | Reached * piety under Qazlal
   992 | D:2      | Reached skill level 4 in Shields
  1434 | D:2      | Reached XP level 4. HP: 31/35 MP: 4/4
  1899 | D:3      | Found a shattered altar of Ashenzari.
  2347 | D:3      | Reached XP level 5. HP: 33/41 MP: 5/5
  2884 | D:4      | Reached XP level 6. HP: 23/47 MP: 6/6
  3091 | D:4      | Noticed an ogre
  3164 | D:4      | Reached skill level 5 in Shields
  3176 | D:4      | Reached ** piety under Qazlal
  3199 | D:4      | Found a sparkling altar of Nemelex Xobeh.
  3717 | D:5      | Entered Level 5 of the Dungeon
  3810 | D:5      | Noticed an ogre
  4012 | D:5      | Reached skill level 1 in Invocations
  4053 | D:5      | Reached skill level 5 in Staves
  4053 | D:5      | Reached XP level 7. HP: 49/52 MP: 6/8
  4152 | D:5      | Found a staircase to the Ecumenical Temple.
  4388 | D:5      | Reached skill level 5 in Armour
  5284 | D:5      | You fall into a shaft and drop 1 floor!
  5499 | D:6      | Reached XP level 8. HP: 28/58 MP: 10/10
  6128 | D:6      | Noticed Pikel
  6137 | D:6      | Killed Pikel
  6465 | D:7      | Reached XP level 9. HP: 64/64 MP: 12/12
  6562 | D:7      | Reached skill level 5 in Invocations
  6713 | D:7      | Found a snail-covered altar of Cheibriados.
  6718 | D:7      | Noticed Joseph
  6738 | D:7      | Killed Joseph
  6804 | D:7      | Noticed Harold
  6833 | D:7      | Killed Harold
  6845 | D:7      | Reached XP level 10. HP: 29/70 MP: 4/15
  7354 | D:7      | Found an iron altar of Okawaru.
  7354 | D:7      | Found a sacrificial altar of Ru.
  7354 | D:7      | Found a shimmering altar of Xom.
  8153 | D:8      | Noticed a two-headed ogre
  8167 | D:8      | Killed a two-headed ogre
  8167 | D:8      | Reached skill level 10 in Staves
  8279 | D:8      | Found Odot's Book Shoppe.
  8285 | D:8      | Noticed a two-headed ogre
  8308 | D:8      | Killed a two-headed ogre
  8640 | D:8      | Noticed a two-headed ogre
  9647 | D:9      | Noticed Erolcha
  9692 | D:9      | Reached XP level 11. HP: 57/75 MP: 17/17
  9705 | D:9      | Killed Erolcha
  9705 | D:9      | Reached skill level 6 in Shields
  9996 | D:9      | Noticed Erica
 10009 | D:9      | Killed Erica
 10326 | D:9      | Found a staircase to the Lair.
 10347 | D:9      | Reached *** piety under Qazlal
 10653 | D:9      | Learned a level 6 spell: Statue Form
 10815 | D:9      | Found a shimmering blue altar of Sif Muna.
 10865 | D:9      | Found a staircase to the Orcish Mines.
 10953 | D:9      | Noticed Grum
 10998 | D:9      | Killed Grum
 10998 | D:9      | Reached skill level 7 in Shields
 11427 | D:10     | Entered Level 10 of the Dungeon
 11661 | D:10     | Reached skill level 10 in Armour
 11925 | D:10     | Identified the +5 robe "Davul" {+Blink rElec MR+}
 12141 | D:10     | Reached skill level 1 in Earth Magic
 12154 | D:10     | Noticed Fannar
 12181 | D:10     | Killed Fannar
 12763 | D:11     | Noticed a cyclops
 12781 | D:11     | Killed a cyclops
 12781 | D:11     | Reached skill level 8 in Shields
 13172 | D:11     | Reached XP level 12. HP: 67/81 MP: 18/18
 13268 | D:11     | Noticed a two-headed ogre
 13276 | D:11     | Killed a two-headed ogre
 13276 | D:11     | Reached **** piety under Qazlal
 13325 | D:11     | Found a glowing silver altar of Zin.
 13379 | D:11     | Found Astrocwi's Magic Scroll Boutique.
 13550 | D:11     | Found a roughly hewn altar of Beogh.
 13554 | D:11     | Noticed a two-headed ogre
 13561 | D:11     | Killed a two-headed ogre
 13866 | D:11     | Found a roughly hewn altar of Beogh.
 13868 | D:11     | Reached skill level 9 in Shields
 13950 | D:11     | Reached skill level 5 in Earth Magic
 14630 | Orc:1    | Entered Level 1 of the Orcish Mines
 16083 | D:11     | Bought a scroll of acquirement for 728 gold pieces
 16138 | Lair:1   | Entered Level 1 of the Lair of Beasts
 16176 | D:9      | Reached ***** piety under Qazlal
 16456 | D:9      | Reached skill level 10 in Shields
 16471 | D:9      | Reached XP level 13. HP: 80/87 MP: 19/19
 17211 | Lair:1   | Reached skill level 5 in Fighting
 17953 | Lair:2   | Found a frozen archway.
 18063 | Lair:2   | Reached skill level 11 in Shields
 18087 | IceCv    | Entered an ice cave
 18746 | IceCv    | Reached skill level 12 in Shields
 18767 | IceCv    | Noticed a frost giant
 18781 | IceCv    | Killed a frost giant
 18781 | IceCv    | Reached skill level 10 in Earth Magic
 18781 | IceCv    | Reached XP level 14. HP: 17/104 MP: 11/20
 19845 | Lair:2   | Found a staircase to the Snake Pit.
 21248 | Lair:3   | Reached skill level 1 in Transmutations
 21607 | Lair:3   | Reached skill level 13 in Shields
 21716 | Lair:3   | Found a staircase to the Shoals.
 22952 | Lair:5   | Found a viscous altar of Jiyva.
 22968 | Lair:5   | Found a staircase to the Slime Pits.
 23776 | Lair:6   | Entered Level 6 of the Lair of Beasts
 23780 | Lair:6   | Reached skill level 10 in Fighting
 23883 | Lair:5   | Reached skill level 5 in Transmutations
 24218 | Lair:6   | Reached XP level 15. HP: 105/115 MP: 21/21
 24381 | Lair:6   | Reached skill level 14 in Shields
 26072 | D:12     | Noticed Nessos
 26086 | D:12     | Killed Nessos
 26211 | D:12     | Found a glowing golden altar of the Shining One.
 26584 | D:12     | You fall into a shaft and drop 3 floors!
 26584 | D:15     | Entered Level 15 of the Dungeon
 26607 | D:15     | Reached skill level 15 in Shields
 26727 | D:15     | Reached XP level 16. HP: 18/124 MP: 22/22
 26735 | D:15     | Found a staircase to the Depths.
 27446 | D:14     | Reached ****** piety under Qazlal
 29282 | D:13     | Found a gate to the Vaults.
 29567 | Orc:2    | Entered Level 2 of the Orcish Mines
 29607 | Orc:2    | Found a staircase to the Elven Halls.
 29915 | Orc:2    | Reached skill level 10 in Transmutations
 30297 | Orc:2    | Reached skill level 16 in Shields
 30304 | Orc:2    | Reached skill level 1 in Spellcasting
 30898 | Orc:2    | Found Pesk's Distillery.
 30898 | Orc:2    | Found Vouttamn's Distillery.
 30900 | Orc:2    | Found Samnuss's General Store.
 30900 | Orc:2    | Found Madomin's Magic Scroll Shop.
 30917 | Orc:2    | Bought a scroll of identify for 30 gold pieces
 30918 | Orc:2    | Bought a scroll of identify for 26 gold pieces
 30923 | Orc:2    | Bought a potion of berserk rage for 55 gold pieces
 30923 | Orc:2    | Bought a potion of ambrosia for 88 gold pieces
 30928 | Orc:2    | Bought a potion of brilliance for 52 gold pieces
 30928 | Orc:2    | Bought a potion of degeneration for 13 gold pieces
 30943 | Orc:2    | Bought a potion of heal wounds for 55 gold pieces
 30943 | Orc:2    | Bought a potion of heal wounds for 55 gold pieces
 30943 | Orc:2    | Bought a potion of heal wounds for 55 gold pieces
 31098 | Snake:1  | Entered Level 1 of the Snake Pit
 31145 | Shoals:1 | Entered Level 1 of the Shoals
 31158 | Shoals:1 | Noticed Louise
 31177 | Shoals:1 | Killed Louise
 31595 | Shoals:1 | Found a runed translucent gate.
 31595 | Shoals:1 | Found a runed translucent gate.
 31595 | Shoals:1 | Found a runed translucent gate.
 31596 | Shoals:1 | Noticed JerBear56's ghost (journeyman OpBe)
 31709 | Shoals:1 | Killed JerBear56's ghost
 31709 | Shoals:1 | Reached XP level 17. HP: 39/129 MP: 12/23
 32553 | Shoals:2 | Reached skill level 5 in Spellcasting
 32564 | Shoals:2 | Slain by a snapping turtle

Levels and vault maps discovered:
D:1:      psy_arrival_whirlpool, layout_basic, chequers_big_river
D:2:      layout_basic, chequers_temple_overflow_minitemple
D:3:      layout_rooms, lemuel_doored_altar
D:4:      wad_lake_hut, layout_rooms, elyvilon_altar_1,
          nemelex_spade_bored_becter
D:5:      layout_basic, minmay_temple_entry_glass, first_ration
D:6:      layout_gridville, uniq_pikel
D:7:      layout_loops_ring, gammafunk_temple_overflow_forgotten, basic_altar,
          uniq_joseph, uniq_harold
D:8:      layout_loops_ring, serial_shops, shop
D:9:      layout_roguey, led_sif_book, lair_entry_dummy, hiddenorc1_lemuel,
          uniq_erica, uniq_grum, uniq_erolcha
D:10:     layout_long_grid, hangedman_fish_farm, uniq_fannar
D:11:     layout_roguey [special_room_orc], basic_altar, serial_shops,
          nicolae_shop_temple_entry_statues_fountains, kennysheep_another_room,
          david_defended_altar_orc, uniq_urug
D:12:     layout_irregular_city, tso_metal_star, uniq_nessos
D:13:     layout_long_grid, david_vaults_1
D:14:     layout_stronghold, minivault_4
D:15:     grunt_enter_depths_magical_seal, layout_rooms,
          minmay_misc_feat_pillars, basic_altar, minmay_gold_behind_fungi
Lair:1:   lemuel_reptile_caves, layout_loops_ring
Lair:2:   dragon1_lemuel, layout_regular_city,
          minmay_snake_entry_guardpost_small, portal_ice_cave_entry_imps,
          bh_autumn_forest_stairs
Lair:3:   layout_chaotic_city, elwin_shoals_entry_rocks, ice2_lemuel
Lair:4:   layout_small_grid, grunt_megastairs_3
Lair:5:   layout_small_grid, slime_altar_1, grunt_megastairs_4
Lair:6:   evilmike_catoblepas_cave, layout_misc_corridors, lemuel_fruit_fields
Shoals:1: layout_shoals, gammafunk_ghost_split, uniq_louise
Shoals:2: layout_shoals, hangedman_feature_mirror
Snake:1:  cheibrodos_snake_lava_hold, layout_cave_shapes, serial_shops, shop,
          nicolae_shop_statue_plus, nicolae_shop_statue_plus, basic_altar,
          grunt_ministairs_7, evilmike_ambush [evilmike_ambush_outer_basic,
          evilmike_ambush_inner_wall_2], minmay_shop_star
Orc:1:    layout_diamond_mine
Orc:2:    grunt_orc_tribal_feast, layout_caves

Skill      XL: |  1  2  3  4  5  6  7  8  9 10 11 12 13 14 15 16 17 |
---------------+----------------------------------------------------+-----
Shields        | 4 5 8 10 12 13 15 16 | 16.0
Staves         | 3 4 5 6 7 9 11 12 14 | 14.8
Armour         | 4 5 6 7 9 10 11 13 | 13.3
Invocations    | 1 3 4 6 8 |  8.1
Earth Magic    | 3 6 10 | 10.8
Fighting       | 7 10 | 10.7
Transmutations | 5 8 10 | 10.0
Spellcasting   | 4 5 |  5.0

Action                   |  1- 3 |  4- 6 |  7- 9 | 10-12 | 13-15 | 16-18 || total
-------------------------+-------+-------+-------+-------+-------+-------++-------
Melee: Quarterstaff      |    71 |   137 |   190 |  1258 |   266 |       ||  1922
       Lajatang          |       |       |       |       |   952 |   578 ||  1530
       Glaive            |       |       |       |       |    23 |     4 ||    27
 Cast: Statue Form       |       |       |       |       |       |     1 ||     1
Invok: Upheaval          |       |       |     5 |     7 |    15 |    15 ||    42
Evoke: Wand              |       |       |     6 |    33 |       |       ||    39
  Use: Potion            |       |       |     6 |     4 |     2 |     9 ||    21
       Scroll            |       |       |       |    10 |    13 |     7 ||    30
 Stab: Paralysed         |       |       |       |     4 |       |       ||     4
       Petrified         |       |       |       |       |     2 |       ||     2
       Petrifying        |       |       |       |       |     1 |       ||     1
  Eat: Chunk             |     2 |     6 |     7 |    42 |    32 |    19 ||   108
       Ration            |       |     1 |       |     1 |       |       ||     2
Armor: Scale mail        |    25 |    40 |    54 |     1 |       |       ||   120
       Skin              |       |       |    31 |    20 |       |    11 ||    62
       Chain mail        |       |       |       |   301 |   188 |   108 ||   597
Dodge: Dodged            |    18 |    38 |    42 |   170 |   127 |    65 ||   460
       Deflected         |       |       |       |     7 |    10 |     5 ||    22
Block: Shield            |    49 |    74 |   105 |   742 |   719 |   484 ||  2173
